 Dungeon Crawl Stone Soup version 0.23-a0-767-gdc19b93d68 (webtiles) character file.

225 LLavrengius the Changer (level 6, -2/38 HPs)
             Began as an Octopode Transmuter on Jan 29, 2019.
             Slain by a gnoll
             ... wielding a +0 spear
              (8 damage)
             ... on level 5 of the Dungeon.
             The game lasted 00:09:48 (4896 turns).

LLavrengius the Changer (Octopode Transmuter)       Turns: 4896, Time: 00:09:48

Health: -2/38      AC:  1    Str:  9    XL:     6   Next: 1%
Magic:  8/10       EV: 13    Int: 18    God:
Gold:   217        SH:  0    Dex: 12    Spells: 5/11 levels left

rFire    . . .     SeeInvis .     - Unarmed
rCold    . . .     Gourm    .   (no shield)
rNeg     . . .     Faith    .   (helmet restricted)
rPois    .         Spirit   .   (no amulet)
rElec    .         Reflect  .   (no ring)
rCorr    .         Harm     .   (no ring)
MR       .....                  (no ring)
Stlth    ++........             (no ring)
HPRegen  0.12/turn              (no ring)
MPRegen  0.12/turn              (no ring)
                                (no ring)
                                (no ring)

@: no status effects
A: almost no armour, stealthy swim, amphibious, 8 rings, constrict 8, camouflage
1, gelatinous body 1
a: no special abilities


You were on level 5 of the Dungeon.
You were not hungry.

You visited 2 branches of the dungeon, and saw 6 of its levels.

You collected 217 gold pieces.

Inventory:

Missiles
 a - 24 arrows
 m - 8 tomahawks of returning (quivered)
Armour
 e - a +0 buckler
Wands
 g - a wand of disintegration (18)
 k - a wand of random effects (19)
Scrolls
 b - a scroll of fear {unknown}
 d - 2 scrolls of remove curse {unknown}
 f - 2 scrolls of identify
Potions
 h - a potion of invisibility
 l - a potion of lignification
Comestibles
 c - 4 rations
 i - 3 chunks of flesh


   Skills:
 + Level 1.5 Fighting
 - Level 2.0 Dodging
 - Level 3.0 Unarmed Combat
 + Level 3.2 Spellcasting
 * Level 4.6 Transmutations
 - Level 2.1 Poison Magic


You had 5 spell levels left.
You knew the following spells:

 Your Spells              Type           Power        Failure   Level  Hunger
a - Beastly Appendage     Tmut           ###...       2%          1    None
b - Sticks to Snakes      Tmut           ###.....     3%          2    ##.....
c - Spider Form           Tmut/Pois      ###.......   12%         3    ###....

Your spell library contained the following spells:

 Spells                   Type           Power        Failure   Level  Hunger
 Animate Skeleton         Necr           N/A          16%         1    None
 Pain                     Necr           #...         16%         1    None
 Regeneration             Chrm/Necr      #.........   43%         3    ###....
 Vampiric Draining        Necr           #.........   43%         3    ###....
 Ice Form                 Ice/Tmut       ##......     52%         4    ####...
 Blade Hands              Tmut           ###.......   54%         5    ######.
 Animate Dead             Necr           N/A          85%         4    ####...


Dungeon Overview and Level Annotations

Branches:
Dungeon (5/15)             Temple (1/1) D:5

Altars:
Dithmenos
Hepliaklqana
Kikubaaqudgha
Makhleb
Nemelex Xobeh
Qazlal
Ru
Sif Muna
Trog
Uskayaw
Xom
Yredelemnul
Zin
The Shining One


Innate Abilities, Weirdness & Mutations

You cannot wear most types of armour.
You are very stealthy in the water. (Stealth+)
You are amphibious.
You can wear up to eight rings at the same time.
You can use your tentacles to constrict eight enemies at once.
Your skin changes colour to match your surroundings (Stealth+).
Your rubbery body absorbs attacks. (AC +1, EV +1)


Message History

The gnoll misses you.
You see here a +0 flail.
You hit the gnoll but do no damage.
The gnoll is poisoned.
The gnoll barely misses you.
You completely miss the gnoll.
The gnoll is moderately wounded.
The gnoll completely misses you.
You barely miss the gnoll.
The gnoll is moderately wounded.
The gnoll closely misses you.
You hit the gnoll.
The gnoll looks as sick as possible!
The gnoll is heavily wounded.
The gnoll misses you.
You closely miss the gnoll.
The gnoll is heavily wounded.
Your transformation has ended.
The gnoll hits you with a +0 spear!
* * * LOW HITPOINT WARNING * * *
The gnoll hits you from afar with a +0 spear!
You die...

#########
#.......#
#.#####.# #.# #.#
#.# ###.#########
#.# #...........#
##.###...#######.#
....#.....# #@####
##..##...## #.)g.#
#.......# ####.#
##.###.## # #####
#.# . #+# .. .. .#


You could see a gnoll.

Vanquished Creatures
  An orc wizard (D:5)
  A worker ant (D:4)
  A hound skeleton (D:5)
  2 gnolls (D:5)
  4 adders
  4 worms
  A dart slug (D:1)
  3 leopard geckos
  7 orcs
  8 bats
  4 giant cockroaches
  2 gnoll zombies (D:3)
  11 goblins
  10 hobgoblins
  4 jackals
  4 kobolds
  2 quokkas
  3 frilled lizards
  6 rats
78 creatures vanquished.

Notes
Turn   | Place    | Note
-------+----------+-------------------------------------------
     0 | D:1      | LLavrengius the Octopode Transmuter began the quest for the
                  | Orb.
     0 | D:1      | Reached XP level 1. HP: 13/13 MP: 3/3
   102 | D:1      | Reached XP level 2. HP: 18/18 MP: 5/5
   793 | D:1      | Reached skill level 3 in Transmutations
   816 | D:1      | Reached XP level 3. HP: 18/23 MP: 6/6
   820 | D:1      | Learned a level 2 spell: Sticks to Snakes
   824 | D:1      | Learned a level 3 spell: Spider Form
  1810 | D:2      | Reached skill level 1 in Poison Magic
  2077 | D:2      | Reached XP level 4. HP: 26/28 MP: 7/7
  3378 | D:3      | Found a shimmering altar of Xom.
  3379 | D:3      | Found a shimmering altar of Xom.
  3379 | D:3      | Found a shimmering altar of Xom.
  3380 | D:3      | Found a shimmering altar of Xom.
  3412 | D:3      | Reached skill level 4 in Transmutations
  3418 | D:3      | Reached XP level 5. HP: 23/33 MP: 5/9
  3632 | D:3      | Found a basalt altar of Yredelemnul.
  3914 | D:4      | Found a stormy altar of Qazlal.
  3938 | D:4      | Found an ancient bone altar of Kikubaaqudgha.
  4243 | D:5      | Entered Level 5 of the Dungeon
  4404 | D:5      | Found a staircase to the Ecumenical Temple.
  4417 | Temple   | Entered the Ecumenical Temple
  4888 | D:5      | Reached XP level 6. HP: 14/38 MP: 7/10
  4896 | D:5      | Slain by a gnoll

Vault maps used:
D:1:      evilmike_arrival_run_for_it, hangedman_abyss_or_decor_lesser_grid,
          dk_noncrumbling_2, fountainhead
D:2:      cheibrodos_old_hovel, first_ration, serial_bayou_lagoon_b
D:3:      xom_redecorated, lemuel_zombie_altar_yredelemnul
D:4:      nicolae_qazlal_eye_of_the_storm, overflow_temple_1_default
D:5:      kennysheep_mini_moat, lemuel_coloured_pillars_altar,
          minmay_temple_entry_butterflies
Temple:   dpeg_chambers_temple

Skill      XL: |  1  2  3  4  5 |
---------------+----------------+-----
Transmutations | 3 4 |  4.6
Poison Magic   | 1 2 |  2.1
Spellcasting   | 3 |  3.2
Fighting       | |  1.5
Dodging        | |  2.0
Unarmed Combat | |  3.0

Action                   |  1- 3 |  4- 6 || total
-------------------------+-------+-------++-------
Melee: Unarmed           |    93 |   136 ||   229
       Constrict         |    27 |    24 ||    51
       Tentacles         |    24 |    19 ||    43
       Punch             |     2 |     2 ||     4
 Cast: Spider Form       |       |     4 ||     4
  Use: Scroll            |       |     6 ||     6
       Potion            |       |     1 ||     1
 Stab: Sleeping          |     8 |     3 ||    11
  Eat: Ration            |     1 |       ||     1
       Chunk             |       |     9 ||     9
Armor: Skin              |     8 |    11 ||    19
Dodge: Dodged            |    47 |    97 ||   144

Table legend:
 A = Non-vault XP
 B = Vault XP
 C = Vault XP percentage of total XP
 D = Non-vault monster count
 E = Vault monster count
 F = Vault count percentage of total count
                 A         B        C        D         E       F
            +---------+---------+-------+---------+---------+-------
      Total |     311 |      11 |   3.4 |      74 |       4 |   5.1
            +---------+---------+-------+---------+---------+-------
        D:1 |      40 |       5 |  11.1 |      22 |       1 |   4.3
        D:2 |      95 |       2 |   2.1 |      27 |       1 |   3.6
        D:3 |      31 |       4 |  11.4 |      15 |       2 |  11.8
        D:4 |      36 |       0 |   0.0 |       2 |       0 |   0.0
        D:5 |     109 |       0 |   0.0 |       8 |       0 |   0.0
            +---------+---------+-------+---------+---------+-------
